 Dungeon Crawl Stone Soup version 0.30.1-3-gfc49f6343a (webtiles) character file.

Game seed: 11994681033475118883

2832 Peloso the Protected (level 9, -1/78 HPs)
             Began as a Minotaur Fighter on Aug 1, 2023.
             Was a Believer of Okawaru.
             Slain by Joseph
             ... wielding a +0 quarterstaff
              (13 damage)
             ... on level 7 of the Dungeon.
             The game lasted 00:11:42 (6902 turns).

Peloso the Protected (Minotaur Fighter)             Turns: 6902, Time: 00:11:42

Health: -1/78      AC: 20    Str: 24    XL:     9   Next: 45%
Magic:  6/8        EV:  9    Int:  5    God:    Okawaru [**....]
Gold:   326        SH:  7    Dex: 11    Spells: 8/8 levels left

rFire   . . .        a - +0 long sword
rCold   . . .        d - +0 buckler
rNeg    . . .        p - +0 plate armour
rPois   .            t - +1 hat
rElec   .            (no cloak)
rCorr   .            h - +1 pair of gloves
SInv    .            (no boots)
Will    +....        (no amulet) Stlth
                     o - ring of willpower
HPRegen 0.33/turn    (no ring)
MPRegen 0.11/turn

%: no passive effects
@: heroic
A: horns 2, retaliatory headbutt
a: Renounce Religion, Heroism


You were on level 7 of the Dungeon.
You worshipped Okawaru.
Okawaru was pleased with you.
You visited 2 branches of the dungeon, and saw 8 of its levels.

You collected 326 gold pieces.

Inventory:

Hand Weapons
 a - a +0 long sword (weapon)
 c - a +1 whip of flaming
Missiles
 s - 2 throwing nets (quivered)
Armour
 b - a +0 scale mail
 d - a +0 buckler (worn)
 h - a +1 pair of gloves (worn)
 n - a +0 chain mail
 p - a +0 plate armour (worn)
 t - a +1 hat (worn)
Jewellery
 o - a ring of willpower (left hand)
 r - a ring of willpower
 v - a ring of positive energy
 w - a ring of positive energy
 D - an amulet of guardian spirit
Wands
 y - a wand of roots (13)
Scrolls
 e - 5 scrolls of magic mapping {unknown}
 k - a scroll of blinking {unknown}
 l - a scroll of enchant weapon {unknown}
 q - 2 scrolls of noise {unknown}
 x - a scroll of immolation {unknown}
 z - 2 scrolls of identify {unknown}
 E - a scroll of vulnerability {unknown}
 F - a scroll of teleportation {unknown}
Potions
 f - 2 potions of flight
 g - a potion of might
 i - a potion of resistance {unknown}
 j - 4 potions of mutation {unknown}
 m - 4 potions of berserk rage {unknown}
 u - a potion of cancellation {unknown}
 A - 2 potions of lignification {unknown}
 B - 4 potions of curing {unknown}
 C - 2 potions of brilliance {unknown}
 G - a potion of attraction {unknown}


   Skills:
 + Level 6.6(11.6) Fighting
 + Level 9.5(14.5) Long Blades
 + Level 10.0(15.0) Armour
 + Level 1.7(6.7) Dodging
 + Level 1.0(6.0) Stealth
 + Level 6.9(11.9) Shields
 + Level 0.3 Invocations


You had 8 spell levels left.
You didn't know any spells.
Your spell library contained the following spells:

 Spells                   Type           Power      Damage    Failure   Level
 Necrotise                Necr           0%         1d4       99%         1
 Stone Arrow              Conj/Erth      0%         3d7       100%        3
 Vampiric Draining        Necr           0%         2d6       100%        3
 Agony                    Necr           0%         N/A       100%        5
 Orb of Destruction       Conj           0%         9d5       100%        7
 Lehudib's Crystal Spear  Conj/Erth      0%         10d2      100%        8
 Summon Guardian Golem    Hex/Summ       Unusable   N/A       N/A         3
 Animate Armour           Summ/Erth      Unusable   N/A       N/A         4
 Spellforged Servitor     Conj/Summ      Unusable   N/A       N/A         7

Dungeon Overview and Level Annotations

Branches:
Dungeon (7/15)             Temple (1/1) D:4

Altars:
Ashenzari
Cheibriados
Dithmenos
Elyvilon
Fedhas
Hepliaklqana
Makhleb
Nemelex Xobeh
Okawaru
Qazlal
Ru
Sif Muna
Trog
Uskayaw
Vehumet
Wu Jian
Xom
Yredelemnul
Zin
The Shining One

Shops:
D:2 ?

Annotations:
D:2 1 runed translucent door, Crazy Yiuf
D:6 1 runed translucent door, Asher535's ghost, novice MiBe
D:7 Joseph


Innate Abilities, Weirdness & Mutations

You have a pair of horns on your head.
You reflexively headbutt those who attack you in melee.


Message History

Joseph completely misses you. You furiously retaliate!
You headbutt Joseph. You completely miss Joseph.
Joseph is heavily wounded.
Joseph hits you with a +0 quarterstaff.
You completely miss Joseph. Your headbutt misses Joseph.
Joseph is heavily wounded.
Joseph hits you with a +0 quarterstaff!
You barely miss Joseph.
Joseph is heavily wounded.
Joseph hits you with a +0 quarterstaff.
You slash Joseph!
Joseph is severely wounded.
Joseph hits you with a +0 quarterstaff!
You barely miss Joseph. Your headbutt misses Joseph.
Joseph is severely wounded.
You block Joseph's attack.
You hit Joseph but do no damage. You headbutt Joseph!
Joseph is almost dead.
Joseph hits you but does no damage.
You barely miss Joseph. You headbutt Joseph.
Joseph is almost dead.
Joseph hits you with a +0 quarterstaff.
You hit Joseph but do no damage. You headbutt Joseph, but do no damage.
Joseph is almost dead.
Joseph closely misses you.
You barely miss Joseph.
Joseph is almost dead.
Joseph hits you with a +0 quarterstaff.
* * * LOW HITPOINT WARNING * * *
You barely miss Joseph. Your headbutt misses Joseph.
Joseph is almost dead.
Unknown command.
You barely miss Joseph.
Joseph is almost dead.
Joseph hits you with a +0 quarterstaff!
* * * LOW HITPOINT WARNING * * *
Unknown command.
You gain the combat prowess of a mighty hero.
Joseph hits you with a +0 quarterstaff!
You die...

........# .........#
..........#######
..........$.......
...................
....................
.....................
............@@.......
.......................
.................>.....
.....................#
..?..........^.......###
.....................##.
.....................##..
.........................
.....................#..#####


You could see Joseph.

Vanquished Creatures
  Pikel (D:3)
  Sigmund (D:4)
  A steam dragon (D:3)
  Edmund (D:5)
  Menkaure (D:5)
  Duvessa (D:5)
  A sky beast (D:6)
  A black bear (D:6)
  2 ogres
  2 centaurs
  A lemure (D:3)
  Blork the orc (D:6)
  3 scorpions (D:5)
  4 wights (D:6)
  Dowan (D:5)
  2 hounds
  3 orc priests
  6 jellies
  A gnoll bouda (D:3)
  3 iguanas
  3 orc wizards
  4 gnolls (D:4)
  11 adders
  An ufetubus (D:6)
  2 worms (D:5)
  5 dart slugs
  10 orcs
  4 bats
  5 endoplasms
  5 giant cockroaches
  7 goblins
  4 hobgoblins
  4 quokkas
  8 ball pythons
  4 frilled lizards
  6 kobolds
  4 rats
124 creatures vanquished.

Vanquished Creatures (others)
  A goblin (D:3)
1 creature vanquished.

Grand Total: 125 creatures vanquished

Notes
Turn   | Place    | Note
-------+----------+-------------------------------------------
     0 | D:1      | Peloso the Minotaur Fighter began the quest for the Orb.
     0 | D:1      | Reached XP level 1. HP: 19/19 MP: 0/0
   333 | D:1      | Reached XP level 2. HP: 27/27 MP: 1/1
   578 | D:1      | Reached skill level 4 in Armour
   911 | D:2      | Reached XP level 3. HP: 26/33 MP: 2/2
   993 | D:2      | Found a runed translucent door.
   994 | D:2      | Noticed Crazy Yiuf
  1157 | D:2      | Found Hiol's Magic Scroll Shop.
  1233 | D:2      | Reached XP level 4. HP: 40/40 MP: 3/3
  1406 | D:3      | Found a faded altar of an unknown god.
  1406 | D:3      | You fall into a shaft and drop 1 floor!
  1419 | D:4      | Reached XP level 5. HP: 39/47 MP: 4/4
  1450 | D:4      | Found a sparkling altar of Nemelex Xobeh.
  1456 | D:4      | Found a bloodstained altar of Trog.
  1469 | D:4      | Found a hide-covered altar of Uskayaw.
  1469 | D:4      | Found a glowing golden altar of the Shining One.
  1469 | D:4      | Found a hazy altar of Hepliaklqana.
  1495 | D:4      | Noticed a lemure
  1496 | D:4      | Noticed Pikel
  1497 | D:4      | Noticed a lemure
  1497 | D:4      | Noticed a lemure
  1498 | D:4      | Noticed a lemure
  1642 | D:3      | Reached skill level 5 in Armour
  1909 | D:3      | Noticed a steam dragon
  1920 | D:3      | Killed a steam dragon
  1921 | D:3      | Reached skill level 5 in Long Blades
  1921 | D:3      | Reached skill level 1 in Dodging
  1921 | D:3      | Reached XP level 6. HP: 28/53 MP: 5/5
  2162 | D:3      | Found a shadowy altar of Dithmenos.
  2785 | D:4      | Found a white marble altar of Elyvilon.
  3035 | D:3      | Killed Pikel
  3036 | D:3      | Reached skill level 5 in Fighting
  3036 | D:3      | Reached skill level 6 in Armour
  3036 | D:3      | Reached XP level 7. HP: 47/61 MP: 6/6
  3088 | D:4      | Found a staircase to the Ecumenical Temple.
  3095 | Temple   | Entered the Ecumenical Temple
  3095 | Temple   | Found a transporter.
  3095 | Temple   | Found a transporter.
  3097 | Temple   | Found a transporter.
  3097 | Temple   | Found a transporter.
  3122 | Temple   | Became a worshipper of Warmaster Okawaru
  3186 | D:4      | Noticed Sigmund
  3195 | D:4      | Killed Sigmund
  3196 | D:4      | Reached skill level 7 in Armour
  3196 | D:4      | Reached XP level 8. HP: 64/69 MP: 7/7
  3619 | D:5      | Entered Level 5 of the Dungeon
  3622 | D:5      | Noticed Menkaure
  3632 | D:5      | Killed Menkaure
  3633 | D:5      | Reached skill level 5 in Shields
  3817 | D:5      | Reached * piety under Okawaru
  4064 | D:5      | Reached skill level 8 in Armour
  4064 | D:5      | Reached skill level 1 in Stealth
  4151 | D:5      | Noticed Dowan
  4151 | D:5      | Noticed Duvessa
  4161 | D:5      | Killed Dowan
  4180 | D:5      | Killed Duvessa
  4565 | D:5      | Noticed Edmund
  4584 | D:5      | Killed Edmund
  4707 | D:5      | Reached XP level 9. HP: 63/75 MP: 8/8
  4985 | D:5      | Found a snail-covered altar of Cheibriados.
  5180 | D:6      | Noticed Blork the orc
  5192 | D:6      | Killed Blork the orc
  5192 | D:6      | Reached ** piety under Okawaru
  5193 | D:6      | Reached skill level 9 in Armour
  5401 | D:6      | Found an ornate altar of the Wu Jian Council.
  5507 | D:6      | Found a runed translucent door.
  5589 | D:6      | Noticed Asher535's ghost (novice MiBe)
  5840 | D:6      | Found a blossoming altar of Fedhas.
  6791 | D:7      | Found a stormy altar of Qazlal.
  6811 | D:7      | Reached skill level 10 in Armour
  6877 | D:7      | Noticed Joseph
  6902 | D:7      | Slain by Joseph

Illustrated notes

Levels and vault maps discovered:
D:1:      minmay_arrival_loop, layout_basic
D:2:      layout_rooms, serial_shops, nicolae_shop_hallway_plus,
          nicolae_figureground_sparkle, uniq_crazy_yiuf_cottage
D:3:      layout_rooms, mainiacjoe_overflow_alcove_2,
          nicolae_ecumenical_pavilion
D:4:      layout_gridville, mainiacjoe_overflow_brackets,
          grunt_temple_overflow_open, minmay_temple_entry_tees, uniq_pikel,
          uniq_sigmund
D:5:      layout_loops_ring, slow_altar_2, uniq_duvessa, uniq_edmund,
          uniq_menkaure
D:6:      layout_basic, fedhas_altar_4, nicolae_wu_jian_glorious_leap,
          ebering_ghost_sewer_d, uniq_blork_the_orc
D:7:      layout_basic, mainiacjoe_overflow_boulevard, kennysheep_little_box,
          uniq_joseph
Temple:   hellmonk_temple_divided_pantheon

Skill      XL: |  1  2  3  4  5  6  7  8  9 |
---------------+----------------------------+-----
Shields        | 4 5 6 |  6.9
Fighting       | 4 5 6 |  6.6
Armour         | 4 5 6 7 8 10 | 10.0
Long Blades    | 3 4 5 7 9 |  9.5
Dodging        | 1 |  1.7
Stealth        | 1 |  1.0
Invocations    | |  0.3

Action                     |  1- 3 |  4- 6 |  7- 9 || total
---------------------------+-------+-------+-------++-------
  Melee: Long sword        |    71 |   136 |   258 ||   465
         Headbutt          |    12 |    25 |    62 ||    99
 Invoke: Heroism           |       |       |     3 ||     3
    Use: Scroll            |     3 |       |       ||     3
         Potion            |     1 |       |     1 ||     2
 Armour: Scale mail        |    34 |    10 |       ||    44
         Chain mail        |       |    28 |       ||    28
         Plate armour      |       |    50 |   135 ||   185
  Dodge: Dodged            |    30 |    60 |    73 ||   163
  Block: Buckler           |    14 |    31 |    62 ||   107
